 Dungeon Crawl Stone Soup version 0.31.0-9-g3a7656b989 (webtiles) character file.

Game seed: 12101725580400888077

133 qw the Skirmisher (level 4, 0/25 HPs)
             Began as a Deep Elf Hunter on Feb 2, 2024.
             Slain by an orc wizard
             ... wielding a +0 dagger
              (3 damage)
             ... on level 3 of the Dungeon.
             The game lasted 00:00:07 (1572 turns).

qw the Skirmisher (Deep Elf Hunter)                 Turns: 1572, Time: 00:00:07

Health: 0/25       AC:  6    Str: 10    XL:     4   Next: 94%
Magic:  6/6        EV:  9    Int: 14    God:
Gold:   62         SH:  0    Dex: 18    Spells: 3/3 levels left

rFire   . . .        a - +0 shortbow
rCold   . . .        (shield currently unavailable)
rNeg    . . .        f - +0 scale mail
rPois   .            (no helmet)
rElec   .            (no cloak)
rCorr   .            (no gloves)
SInv    .            (no boots)
Will    .....        (no amulet) Stlth
                     (no ring)
HPRegen 0.24/turn    (no ring)
MPRegen 0.10/turn

%: no passive effects
@: confused
A: no striking features
a: no special abilities


You were on level 3 of the Dungeon.
You visited 1 branch of the dungeon, and saw 3 of its levels.

You collected 62 gold pieces.


   Skills:
 - Level 1.5 Fighting
 + Level 8.3 Ranged Weapons
 - Level 2.4 Dodging
 - Level 1.2 Stealth


You had 3 spell levels left.
You didn't know any spells.
Your spell library was empty.

Inventory:

Hand Weapons
 a - a +0 shortbow (weapon)
Armour
 b - a +0 ring mail
 f - a +0 scale mail (worn)
Jewellery
 d - a ring of fire
Scrolls
 e - a scroll of brand weapon {unknown}
Potions
 g - a potion of cancellation

Dungeon Overview and Level Annotations

Branches:
Dungeon (3/15)

Altars:


Message History

The orc wizard hits you with a +0 dagger.
The orc wizard hits you but does no damage.
The orc wizard hits you with a +0 dagger.
You feel less invigorated.
The orc wizard hits you with a +0 dagger.
The orc wizard gestures at you while chanting.
You are more confused.
The orc wizard gestures at you while chanting.
The magic dart hits you.
The orc wizard hits you but does no damage.
The orc wizard hits you but does no damage.
The orc wizard closely misses you.
The orc wizard hits you but does no damage. x2
The orc wizard hits you but does no damage.
The orc wizard hits you with a +0 dagger.
The orc wizard closely misses you. The orc wizard barely misses you.
The orc wizard hits you with a +0 dagger.
The orc wizard hits you but does no damage.
The orc wizard hits you with a +0 dagger. x2
The orc wizard barely misses you.
The orc wizard casts a spell.
The orc wizard flickers and vanishes!
Deactivating autopickup; reactivate with Ctrl-A.
The orc wizard points at you and mumbles some strange words.
You resist with some effort. Something hits you but does no damage.
Something completely misses you.
The orc wizard gestures at you while chanting.
The magic dart hits you.
The orc wizard hits you but does no damage.
Something hits you but does no damage. Something hits you.
The orc wizard casts a spell at you.
You are more confused.
Something hits you but does no damage.
The orc wizard hits you with a +0 dagger.
The orc wizard hits you but does no damage.
Something hits you but does no damage. Something hits you.
The orc wizard hits you with a +0 dagger.
You die...

#.. ### ... #### #.# ..)
##... #.# #)# ..... #.# #.#
#.... ########.# #o#
###.#.## .........#####{#
#......#
########.....o@##.##.#.#..#
####.########.##.#.#..#
#(...# #.##.#.#.<#####
#.#..# #.##.#........)
#...## #.##.###..#####
##.## #.##.# #..#
##.##########.##.###..#
#.....................#
#..###.#########......#


You could see an orc wizard and an orc.

Vanquished Creatures
  A bombardier beetle (D:3)
  3 adders
  3 ribbon worms (D:2)
  5 orcs
  5 endoplasms
  5 giant cockroaches
  7 goblins
  5 hobgoblins
  4 jackals (D:1)
  4 kobolds
  2 quokkas (D:1)
  5 ball pythons
  A bat (D:1)
  3 frilled lizards
  4 rats
57 creatures vanquished.

Notes
Turn   | Place    | Note
-------+----------+-------------------------------------------
     0 | D:1      | qw the Deep Elf Hunter began the quest for the Orb.
     0 | D:1      | Reached XP level 1. HP: 12/12 MP: 3/3
     0 | D:1      | 0 ||| qw: Version: 0.3-a-155-g5e7d8dd
     0 | D:1      | 0 ||| qw: Game counter: 46
     0 | D:1      | 0 ||| qw: Melee chars always use a shield: true
     0 | D:1      | 0 ||| qw: God list: Okawaru
     0 | D:1      | 0 ||| qw: Allow faded altars: false
     0 | D:1      | 0 ||| qw: Do Orc after clearing Dungeon:15 true
     0 | D:1      | 0 ||| qw: Do second Lair branch before Depths: true
     0 | D:1      | 0 ||| qw: Lair rune preference: random
     0 | D:1      | 0 ||| qw: Goals: Normal
     0 | D:1      | 0 ||| PLANNING D:1-11
    44 | D:1      | Reached XP level 2. HP: 12/16 MP: 4/4
    46 | D:1      | Reached skill level 6 in Ranged Weapons
   559 | D:1      | 559 ||| RETREEEEATING.
   567 | D:1      | Reached XP level 3. HP: 18/20 MP: 5/5
   804 | D:1      | 804 ||| READING scroll labelled XORIALOUZE.
   804 | D:1      | 804 ||| ENCHANTING +0 shortbow.
   805 | D:1      | 805 ||| READING 2 scrolls labelled CUTU LAESSUFFA.
   805 | D:1      | 805 ||| IDENTIFYING scroll labelled FOLEETH UBIN
   806 | D:1      | 806 ||| DROPPING scroll of butterflies.
   807 | D:1      | 807 ||| DROPPING scroll of immolation.
   854 | D:2      | Found a faded altar of an unknown god.
   892 | D:2      | Reached skill level 7 in Ranged Weapons
  1058 | D:2      | Reached XP level 4. HP: 19/25 MP: 6/6
  1384 | D:2      | 1384 ||| UPGRADING to +0 scale mail.
  1394 | D:2      | 1394 ||| DROPPING +0 leather armour.
  1395 | D:2      | 1395 ||| READING 2 scrolls of identify.
  1395 | D:2      | 1395 ||| IDENTIFYING amethyst potion
  1396 | D:2      | 1396 ||| READING scroll of identify.
  1396 | D:2      | 1396 ||| IDENTIFYING scroll labelled HOUJAJ WOENG
  1397 | D:2      | 1397 ||| DROPPING scroll of fear.
  1492 | D:3      | Reached skill level 8 in Ranged Weapons
  1554 | D:3      | 1554 ||| DRINKING emerald potion.
  1570 | D:3      | HP: 6/25 [orc wizard/+0 dagger (3)]
  1572 | D:3      | Slain by an orc wizard

Levels and vault maps discovered:
D:1:      dpeg_arrival_long_road, layout_loops_ring, minivault_19,
          kennysheep_another_room, minmay_tromino_v2
D:2:      layout_basic, nicolae_ecumenical_pavilion
D:3:      kennysheep_six_static_rooms, layout_loops_ring,
          gammafunk_ghost_necromancy

Skill      XL: |  1  2  3  4 |
---------------+-------------+-----
Ranged Weapons | 6 7 8 |  8.3
Fighting       | |  1.5
Dodging        | |  2.4
Stealth        | |  1.2

Action                     |  1- 3 |  4- 6 || total
---------------------------+-------+-------++-------
   Fire: Shortbow          |   145 |    45 ||   190
    Use: Scroll            |     2 |     2 ||     4
         Potion            |       |     1 ||     1
 Armour: Leather armour    |    37 |       ||    37
         Scale mail        |       |    44 ||    44
  Dodge: Dodged            |    57 |    23 ||    80

Table legend:
 A = Non-vault XP
 B = Vault XP
 C = Vault XP percentage of total XP
 D = Non-vault monster count
 E = Vault monster count
 F = Vault count percentage of total count
                 A         B        C        D         E       F
            +---------+---------+-------+---------+---------+-------
      Total |     191 |       0 |   0.0 |      57 |       0 |   0.0
            +---------+---------+-------+---------+---------+-------
        D:1 |      47 |       0 |   0.0 |      28 |       0 |   0.0
        D:2 |      58 |       0 |   0.0 |      21 |       0 |   0.0
        D:3 |      86 |       0 |   0.0 |       8 |       0 |   0.0
            +---------+---------+-------+---------+---------+-------
